 Dungeon Crawl Stone Soup version 0.28-b1-25-g9875b3fc8c (webtiles) character file.

Game seed: 15403913988816700733

402 Anon1729 the Insei (level 6, -2/38 HPs)
             Began as an Octopode Transmuter on Feb 5, 2022.
             Was an Initiate of Hepliaklqana.
             Succumbed to a water moccasin's poison
             ... on level 5 of the Dungeon.
             The game lasted 00:10:34 (7393 turns).

Anon1729 the Insei (Octopode Transmuter)            Turns: 7393, Time: 00:10:35

Health: -2/38      AC:  1    Str:  9    XL:     6   Next: 85%
Magic:  8/10       EV: 13    Int: 18    God:    Hepliaklqana [......]
Gold:   302        SH:  0    Dex: 12    Spells: 5/11 levels left

rFire   . . .      SeeInvis .     - Unarmed
rCold   . . .      Faith    .   (no shield)
rNeg    . . .      Spirit   .   (helmet currently unavailable)
rPois   .          Reflect  .   (no amulet)
rElec   .          Harm     .   (no ring)
rCorr   .          Rampage  .   (no ring)
Will    .....                   (no ring)
Stlth   +++.......              (no ring)
HPRegen 0.12/turn               (no ring)
MPRegen 0.12/turn               (no ring)
                                (no ring)
                                (no ring)

@: lethally poisoned (-2 -> -41), appendages (expiring), wereblooded
A: tentacle spike 3, almost no armour, amphibious, 8 rings, camouflage 1,
gelatinous body 1, (nimble swimmer 1), tentacles
a: End Transformation, Renounce Religion


You were on level 5 of the Dungeon.
You worshipped Hepliaklqana.
Hepliaklqana was noncommittal.
One of your tentacles had grown a beastly spike.
You visited 2 branches of the dungeon, and saw 6 of its levels.

You collected 302 gold pieces.

Inventory:

Missiles
 o - 3 curare-tipped darts
 p - a throwing net
Armour
 d - an orb of mayhem
Scrolls
 a - a scroll of enchant weapon
 b - a scroll of fog {unknown}
 e - 2 scrolls of noise
 f - 2 scrolls of magic mapping {unknown}
 h - 2 scrolls of teleportation
Potions
 c - a potion of flight {unknown}
 g - a potion of heal wounds {unknown}
 i - 2 potions of brilliance
 j - a potion of resistance {unknown}
 k - 2 potions of curing {unknown}
 l - a potion of haste {unknown}
 m - a potion of berserk rage {unknown}
 n - a potion of invisibility {unknown}
 q - a potion of mutation {unknown}


   Skills:
 + Level 1.4 Fighting
 + Level 2.5 Dodging
 + Level 4.0 Stealth
 + Level 5.1 Unarmed Combat
 + Level 3.2 Spellcasting
 + Level 3.3 Transmutations
 + Level 0.1 Poison Magic
 + Level 0.0 Invocations


You had 5 spell levels left.
You knew the following spells:

 Your Spells              Type           Power      Damage    Failure   Level
a - Beastly Appendage     Tmut           28%        N/A       4%          1
b - Wereblood             Tmut           14%        N/A       6%          2
c - Spider Form           Tmut/Pois      9%         N/A       24%         3

Your spell library contained the following spells:

 Spells                   Type           Power      Damage    Failure   Level
 Summon Small Mammal      Summ           8%         N/A       16%         1
 Call Canine Familiar     Summ           2%         N/A       43%         3
 Summon Guardian Golem    Hex/Summ       2%         N/A       43%         3
 Ice Form                 Ice/Tmut       8%         N/A       63%         4


Dungeon Overview and Level Annotations

Branches:
Dungeon (5/15)             Temple (1/1) D:4

Altars:
Ashenzari
Cheibriados
Dithmenos
Elyvilon
Fedhas
Gozag
Hepliaklqana
Makhleb
Nemelex Xobeh
Okawaru
Qazlal
Ru
Sif Muna
Trog
Uskayaw
Vehumet
Xom
Yredelemnul
Zin
The Shining One

Shops:
D:3 :

Annotations:
D:5 exclusion: vampire


Innate Abilities, Weirdness & Mutations

One of your tentacles has grown a beastly spike.
You cannot wear most types of armour.
You are amphibious.
You can wear up to eight rings at the same time.
Your skin changes colour to match your surroundings (Stealth+).
Your rubbery body absorbs attacks. (AC +1, EV +1)
((You are camouflaged when in or above water. (Stealth+)))
You have tentacles for arms and can constrict up to eight enemies at once.


Message History

Okay, then.
Unknown command.
You tentacle-slap the water moccasin. You grab the water moccasin.
The water moccasin is lightly wounded.
You howl as the wereblood boils in your veins!
You constrict the water moccasin.
You feel sick.
The water moccasin struggles against the net.
You tentacle-slap the water moccasin.
The water moccasin is moderately wounded.
You constrict the water moccasin.
You feel sick.
The water moccasin struggles against the net. x2
The net rips apart, and the water moccasin comes free!
You tentacle-slap the water moccasin.
You pierce the water moccasin.
The water moccasin is severely wounded.
You constrict the water moccasin.
You feel sick. The water moccasin bites you.
* * * LOW HITPOINT WARNING * * *
You are lethally poisoned!
The water moccasin poisons you!
You tentacle-slap the water moccasin.
You pierce the water moccasin, but do no damage.
Your squeeze misses the water moccasin.
The water moccasin is severely wounded.
Your transformation is almost over.
You constrict the water moccasin, but do no damage.
* * * LOW HITPOINT WARNING * * *
You feel very sick. The water moccasin bites you.
* * * LOW HITPOINT WARNING * * *
You are more poisoned.
The water moccasin poisons you!
Unknown command.
Unknown command.
You aren't carrying any items that you can evoke.
Unknown command.
Unknown command.
You barely miss the water moccasin.
Your tentacle spike misses the water moccasin.
The water moccasin is severely wounded.
You constrict the water moccasin.
You die...

###.....#### ###...##
..#........###......######
#+#.######...............###
#....# ##...#####...#....#
#.#o.##########...#.########
..###.##.....)......# ..#
##...#######....# #.#
##..#.....#S##.## #.#
#..#....)#@###.## #.#
##..#.._..'......## #..
##...#.....#..####[##
.........#.....#..# ##.###
.........#######..# ##..#
.....##..........# #### ###
#######....# ######


You could see a water moccasin.

Vanquished Creatures
  A scorpion (D:4)
  A gnoll shaman (D:4)
  2 hounds
  A hound skeleton (D:4)
  8 adders
  5 gnolls (D:4)
  An ufetubus (D:5)
  2 adder skeletons (D:4)
  2 worms (D:2)
  3 dart slugs
  10 orcs
  8 ball pythons
  4 bats (D:1)
  8 endoplasms
  5 giant cockroaches
  6 goblins
  8 hobgoblins
  6 kobolds
  5 quokkas
  3 frilled lizards
  8 rats
97 creatures vanquished.

Notes
Turn   | Place    | Note
-------+----------+-------------------------------------------
     0 | D:1      | Anon1729 the Octopode Transmuter began the quest for the
                  | Orb.
     0 | D:1      | Reached XP level 1. HP: 13/13 MP: 3/3
   127 | D:1      | Reached XP level 2. HP: 12/18 MP: 5/5
   638 | D:1      | Reached XP level 3. HP: 20/23 MP: 6/6
   916 | D:1      | Reached skill level 1 in Stealth
   963 | D:1      | Found a faded altar of an unknown god.
  1457 | D:2      | Reached skill level 4 in Unarmed Combat
  1630 | D:2      | Reached XP level 4. HP: 21/28 MP: 5/7
  3023 | D:3      | Learned a level 2 spell: Wereblood
  3027 | D:3      | Learned a level 3 spell: Spider Form
  3215 | D:3      | Found Molysew's Book Shoppe.
  3334 | D:3      | Reached XP level 5. HP: 31/33 MP: 6/8
  4568 | D:4      | Found a staircase to the Ecumenical Temple.
  4592 | Temple   | Entered the Ecumenical Temple
  5714 | D:4      | Reached XP level 6. HP: 14/38 MP: 10/10
  6435 | D:4      | Reached skill level 5 in Unarmed Combat
  6948 | D:5      | Entered Level 5 of the Dungeon
  6955 | D:5      | Noticed a vampire
  7092 | D:5      | Found a hazy altar of Hepliaklqana.
  7117 | D:5      | Became a worshipper of Hepliaklqana the Forgotten
  7197 | D:5      | Noticed a water moccasin
  7393 | D:5      | Succumbed to a water moccasin's poison

Illustrated notes

Levels and vault maps discovered:
D:1:      sevenhm_arrival_forest_fort_small_6, layout_loops_ring,
          ebering_ecumenical_altar_sacrificial, amcnicky_mini_corridor_feature
D:2:      layout_basic, minmay_pentomino_z2
D:3:      layout_loops_corners, serial_shops, shop_statue,
          hangedman_decor_points, hangedman_decor_push, hex_medium
D:4:      layout_basic, minmay_temple_entry_arrows
D:5:      nicolae_cairo_tiling_large, layout_layer_cave, amcnicky_altar_gilded,
          grunt_decor_arrowhead, kennysheep_cross_bottleneck
Temple:   mainiacjoe_temple_bowtie_tessellation

Skill      XL: |  1  2  3  4  5  6 |
---------------+-------------------+-----
Stealth        | 1 2 3 4 |  4.0
Unarmed Combat | 4 5 |  5.1
Transmutations | 3 |  3.3
Spellcasting   | 3 |  3.2
Fighting       | |  1.4
Dodging        | |  2.5
Poison Magic   | |  0.1

Action                   |  1- 3 |  4- 6 || total
-------------------------+-------+-------++-------
Melee: Unarmed           |    83 |   155 ||   238
       Constrict         |    21 |    35 ||    56
       Tentacles         |    11 |    26 ||    37
       Kick              |    12 |    48 ||    60
       Punch             |     2 |     9 ||    11
Throw: Throwing net      |       |     1 ||     1
 Cast: Beastly Appendage |    10 |    32 ||    42
       Spider Form       |       |     6 ||     6
       Wereblood         |       |     1 ||     1
  Use: Scroll            |       |     4 ||     4
 Stab: Sleeping          |     5 |    13 ||    18
Armor: Skin              |    11 |     9 ||    20
Dodge: Dodged            |    58 |    88 ||   146
